 Seeded DCSS version 0.29.1-12-g30fa7ad0bf (webtiles) character file.

Game seed: 9845822215292249863 (custom seed)

35 OTABOTABOTAB the Insei (level 3, 24/24 HPs)
             Began as an Octopode Transmuter on Jan 10, 2023.
             Quit the game on level 1 of the Dungeon.
             The game lasted 00:02:25 (1096 turns).

OTABOTABOTAB the Insei (Octopode Transmuter)        Turns: 1096, Time: 00:02:26

Health: 24/24      AC:  1    Str:  9    XL:     3   Next: 33%
Magic:  6/6        EV: 13    Int: 17    God:
Gold:   1388       SH:  0    Dex: 12    Spells: 5/6 levels left

rFire   . . .      SeeInvis .     - Unarmed
rCold   . . .      Faith    .   (no shield)
rNeg    . . .      Spirit   .   (helmet restricted)
rPois   .          Reflect  .   h - amulet of the acrobat
rElec   .          Harm     .   W - ring of willpower
rCorr   .          Rampage  .   (no ring)
Will    +....                   (no ring)
Stlth   ++........              (no ring)
HPRegen 0.08/turn               (no ring)
MPRegen 0.10/turn               (no ring)
                                (no ring)
                                (no ring)

@: no status effects
A: almost no armour, amphibious, 8 rings, camouflage 1, gelatinous body 1,
(nimble swimmer 1), tentacles
a: no special abilities


You were on level 1 of the Dungeon.
You visited 1 branch of the dungeon, and saw 1 of its levels.

You collected 1388 gold pieces.

Inventory:

Missiles
 f - 5 poisoned darts
 s - 12 stones
Magical Staves
 i - a staff of conjuration
   (You found it on level 1 of the Dungeon)
Jewellery
 h - an amulet of the acrobat (around mantle)
   (You found it on level 1 of the Dungeon)
 W - a ring of willpower (left tentacle)
   (You found it on level 1 of the Dungeon)
Scrolls
 a - a scroll of teleportation {unknown}
 b - a scroll of identify {unknown}
 d - a scroll of acquirement
 g - a scroll of amnesia {unknown}
Potions
 c - a potion of heal wounds {unknown}
 e - a potion of curing {unknown}
 j - a potion of magic {unknown}
 P - a potion of lignification {!q}


   Skills:
 + Level 1.9 Fighting
 - Level 2.0 Dodging
 + Level 3.4 Unarmed Combat
 - Level 2.0 Spellcasting
 + Level 2.6 Transmutations


You had 5 spell levels left.
You knew the following spells:

 Your Spells              Type           Power      Damage    Failure   Level
a - Beastly Appendage     Tmut           20%        N/A       7%          1

Your spell library contained the following spells:

 Spells                   Type           Power      Damage    Failure   Level
 Wereblood                Tmut           10%        N/A       10%         2
 Spider Form              Tmut/Pois      6%         N/A       34%         3
 Ice Form                 Ice/Tmut       6%         N/A       75%         4


Dungeon Overview and Level Annotations

Branches:
Dungeon (1/15)

Altars:


Innate Abilities, Weirdness & Mutations

You cannot wear most types of armour.
You are amphibious.
You can wear up to eight rings at the same time.
Your skin changes colour to match your surroundings (Stealth+).
Your rubbery body absorbs attacks. (AC +1, EV +1)
((You are camouflaged when in or above water. (Stealth+)))
You have tentacles for arms and can constrict up to eight enemies at once.


Message History

One of your tentacles grows a vicious spike.
The goblin closely misses you.
You now have 4/5 mp.
You tentacle-slap the goblin. You grab the goblin.
You pierce the goblin, but do no damage.
You constrict the goblin.
You kill the goblin!
No target in view!
The gnoll shouts!
The gnoll closely misses you.
You tentacle-slap the gnoll. You grab the gnoll. You constrict the gnoll.
The gnoll hits you with a +0 club!
You take 9 damage, and have 10/19 hp.
MASSIVE DAMAGE!!
You tentacle-slap the gnoll but do no damage.
You pierce the gnoll.
You constrict the gnoll. The gnoll barely misses you.
You tentacle-slap the gnoll but do no damage.
You pierce the gnoll, but do no damage.
You constrict the gnoll, but do no damage.
You tentacle-slap the gnoll but do no damage.
You pierce the gnoll.
You kill the gnoll!
You have reached level 3!
Your experience leads to an increase in your attributes!
Increase (s)trength, (i)ntelligence, or (d)exterity?
You feel clever. x2
You regained 2 hp, and now have 12/24 hp.
Your tentacle spike disappears.
Unknown command.
You see here a +0 club.
A bat comes into view.
Health restored: 24; MP restored: 6 A bat is nearby!
The helpless bat fails to defend itself.
You tentacle-slap the bat.
You kill the bat!
Unknown command.
No target in view!
Sorry, you're not good enough to have a special ability.
You now have 23 gold pieces (gained 11).
You now have 31 gold pieces (gained 8).
A bat comes into view.
One of your tentacles grows a vicious spike.
The bat hits you.
You take 1 damage, and have 23/24 hp.
You now have 5/6 mp.
No target in view!
No target in view!
A bat is nearby!
You miss the bat. You grab the bat.
Your tentacle spike misses the bat.
You constrict the bat. The bat barely misses you.
The bat struggles to escape constriction.
The bat escapes!
The bat completely misses you.
You tentacle-slap the bat.
You kill the bat!
No target in view!
A bat comes into view.
Your transformation is almost over.
Health restored: 24; MP restored: 6 You see here a bat corpse.
Found a club.
Found a stone staircase leading down.
The helpless bat fails to defend itself.
You tentacle-slap the bat but do no damage.
Your grab misses the bat.
Your tentacle spike misses the bat.
Your squeeze misses the bat. The bat completely misses you.
You closely miss the bat. Your grab misses the bat.
Your tentacle spike misses the bat.
The bat closely misses you. The bat hits you but does no damage.
The bat barely misses you.
You tentacle-slap the bat but do no damage.
Your grab misses the bat.
You pierce the bat, but do no damage.
The bat barely misses you. The bat completely misses you. x2
You tentacle-slap the bat but do no damage.
Your grab misses the bat. You squeeze the bat.
You kill the bat!
Your tentacle spike disappears.
No target in view!
No target in view!
You see here a bat corpse.
You see here a +0 robe.
You see here a +0 whip.
There is a shaft here.
There is a stone staircase leading down here.
You open the door.
There is an open door here.
There is an open door here.
There is a stone staircase leading down here.
Done exploring.
Unknown command.
Done exploring.
Done exploring.
Done exploring.
Done exploring.
This is a scroll of acquirement!
Something appears before you!
You now have 498 gold pieces (gained 467).
Something appears before you!
You now have 1388 gold pieces (gained 890).
Unknown command.

## ###########.
#>..........
#.#######.#.
#############.# #.#.
#.............#### #.#.
#......@.........# #.#.
#................####...
#...................##..
#...............)##.##..
#................##.##..
#................##.#...
#................##.#..#
#############....##.....
#....####.##


There were no monsters in sight!

Vanquished Creatures
  A gnoll (D:1)
  2 dart slugs (D:1)
  5 bats (D:1)
  2 endoplasms (D:1)
  A giant cockroach (D:1)
  2 goblins (D:1)
  2 kobolds (D:1)
  A quokka (D:1)
  2 ball pythons (D:1)
  A frilled lizard (D:1)
  A rat (D:1)
20 creatures vanquished.

Notes
Turn   | Place    | Note
-------+----------+-------------------------------------------
     0 | D:1      | OTABOTABOTAB the Octopode Transmuter began the quest for
                  | the Orb.
     0 | D:1      | Reached XP level 1. HP: 13/13 MP: 3/3
   239 | D:1      | Reached XP level 2. HP: 14/18 MP: 3/5
   736 | D:1      | Reached XP level 3. HP: 12/24 MP: 4/6
  1092 | D:1      | Identified 3 scrolls of acquirement
  1092 | D:1      | Acquired 467 gold pieces
  1094 | D:1      | Acquired 890 gold pieces
  1096 | D:1      | Quit the game

Illustrated notes

Levels and vault maps discovered:
D:1:      giann_bridges, layout_basic

Action                   || total
-------------------------++-------
Melee: Unarmed           ||    45
       Kick              ||    16
       Constrict         ||    12
       Tentacles         ||     6
Throw: Stone             ||     2
 Cast: Beastly Appendage ||    14
 Abil: End Transformatio ||    11
  Use: Scroll            ||     2
 Stab: Sleeping          ||     7
Armor: Skin              ||     4
Dodge: Dodged            ||    23

Table legend: (Time is in decaauts)
 A = Elapsed time spent in this place.
 B = Non-inter-level travel time spent in this place.
 C = Inter-level travel time spent in this place.
 D = Time resting spent in this place.
 E = Time spent auto-exploring this place.
 F = Levels seen in this place.
 G = Mean time per level.
                   A        B        C        D        E       F      G
               +--------+--------+--------+--------+--------+-----+--------+
         Total |   1093 |   1093 |      0 |      0 |    861 |   1 | 1093.0 |
       Dungeon |   1093 |   1093 |      0 |      0 |    861 |   1 | 1093.0 |
               +--------+--------+--------+--------+--------+-----+--------+

Top non-repeatable levels by time:
     D:1: 1093 daAuts

Table legend:
 A = Kills in this place as a percentage of kills in entire the game.
 B = Kills by you in this place as a percentage of kills by you in the entire game.
 C = Kills by friends in this place as a percentage of kills by friends in the entire game.
 D = Other kills in this place as a percentage of other kills in the entire game.
 E = Experience gained in this place as a percentage of experience gained in the entire game.
 F = Experience gained in this place divided by the number of levels of this place that you have seen.
                   A       B       C       D       E      F
               +-------+-------+-------+-------+-------+----------------------
         Total | 100.0 | 100.0 |   N/A |   N/A | 100.0 |  50.0
       Dungeon | 100.0 | 100.0 |   N/A |   N/A | 100.0 |  50.0
               +-------+-------+-------+-------+-------+----------------------
